 Dungeon Crawl Stone Soup version 0.30.1-4-g462c640d31 (webtiles) character file.

Game seed: 3334132637571909204

127 Amplified the Cudgeller (level 4, -7/35 HPs)
             Began as a Demonspawn Reaver on Sept 8, 2023.
             Splashed by a jelly's acid (11 damage)
             ... on level 3 of the Dungeon.
             The game lasted 00:04:01 (2780 turns).

Amplified the Cudgeller (Demonspawn Reaver)         Turns: 2780, Time: 00:04:01

Health: -7/35      AC: -7    Str: 13    XL:     4   Next: 85%
Magic:  16/16      EV: 11    Int: 19    God:
Gold:   215        SH:  4    Dex: 10    Spells: 5/8 levels left

rFire   . . .        a - +0 mace
rCold   + . .        d - +1 buckler
rNeg    . . .        b - +0 leather armour
rPois   .            j - +2 hat
rElec   .            (no cloak)
rCorr   .            (no gloves)
SInv    .            (no boots)
Will    .....        (no amulet)
Stlth   +            p - ring of magical power
HPRegen 0.25/turn    (no ring)
MPRegen 0.15/turn

%: clarity
@: corroded
A: hooves 1, clarity, clever 1, cold resistance 1
a: no special abilities


You were on level 3 of the Dungeon.
You visited 1 branch of the dungeon, and saw 4 of its levels.

You collected 215 gold pieces.

Inventory:

Hand Weapons
 a - a +0 mace (weapon)
Armour
 b - a +0 leather armour (worn)
 d - a +1 buckler (worn)
 j - a +2 hat (worn)
Magical Staves
 o - a staff of air
Jewellery
 p - a ring of magical power (left hand)
Scrolls
 f - a scroll of vulnerability
 k - a scroll of identify
 l - 2 scrolls of teleportation {unknown}
 r - a scroll of fear {unknown}
 s - a scroll of acquirement {unknown}
Potions
 g - a potion of mutation
 h - a potion of attraction
 n - a potion of ambrosia


   Skills:
 * Level 3.1 Fighting
 * Level 3.4 Maces & Flails
 - Level 1.7 Dodging
 * Level 1.5 Shields
 - Level 2.5 Spellcasting
 * Level 3.3 Conjurations


You had 5 spell levels left.
You knew the following spells:

 Your Spells              Type           Power      Damage    Failure   Level
a - Kiss of Death         Conj/Necr      32%        2d7       14%         1
b - Momentum Strike       Conj/Tloc      16%        3d8       22%         2

Your spell library contained the following spells:

 Spells                   Type           Power      Damage    Failure   Level
 Hailstorm                Conj/Ice       8%         3d4       41%         3
 Stone Arrow              Conj/Erth      16%        3d8       41%         3
 Animate Armour           Summ/Erth      4%         N/A       96%         4
 Lehudib's Crystal Spear  Conj/Erth      4%         10d3      100%        8


Dungeon Overview and Level Annotations

Branches:
Dungeon (4/15)
 Temple: D:4-7

Altars:
Ru


Innate Abilities, Weirdness & Mutations

You have large cloven feet.
You possess an exceptional clarity of mind.
Your mind is acute. (Int +4, Str/Dex -1)
Your flesh is cold resistant. (rC+)


Message History

Throw: dart (poison)
Press: ? - help, Q - select action, (/) - cycle Shift-Dir - straight line, f - jelly
Aim: a jelly (89% to hit)
You throw a poisoned dart. The poisoned dart hits the jelly.
Unknown command.
Unknown command.
Okay, then.
As you read the scroll labelled YLIPPE WOGACH, it crumbles to dust.
It is a scroll of identify.
h - a potion of attraction
As you read the scroll of identify, it crumbles to dust.
n - a potion of ambrosia
As you read the scroll of identify, it crumbles to dust.
q - a potion of degeneration You drop a potion of degeneration.
Okay, then.
You aren't carrying any items that you can evoke.
Unknown command.
Okay, then.
The jelly attacks as you move away! The jelly hits you. The acid corrodes you!
You are splashed with acid!
There is a stone staircase leading up here.
The jelly barely misses you.
You climb upwards.
There is a stone staircase leading down here.
Unknown command.
As you read the scroll labelled MYNUOSCH TUICW, it crumbles to dust.
You feel momentarily disoriented.
It was a scroll of magic mapping.
The jelly hits you.
You are splashed with acid!
The jelly attacks as you move away! The jelly completely misses you.
As you read the scroll of identify, it crumbles to dust.
f - a scroll of vulnerability The jelly hits you.
The acid corrodes you!
You are splashed with acid!
* * * LOW HITPOINT WARNING * * *
As you read the scroll labelled QUEMON YCYVUSCH, it crumbles to dust.
You hear a loud clanging noise!
It was a scroll of noise.
The jelly hits you.
* * * LOW HITPOINT WARNING * * *
The acid corrodes you!
You are splashed with acid!
You die...

##.#.#.##.#.# #......#...
#.#.#.##.#.##########......#...
#.#.#.##.#........>.'......#...
#.#...##.############...####.#.
#.######............'........#.
##.#########......####...######.
#..........'......>..'...+......
#########.##......####...#....#.
#..+...@..........)...#.
####).J...########.[..#.
#......# #....#. #......#
#.####. #......# #.# #. ########
#.# #.
#########################.# #.
#.........................# #.
#.######################### #.


You could see a jelly.

Vanquished Creatures
  A jelly (D:4)
  An adder (D:4)
  2 worms
  4 dart slugs
  4 orcs
  4 endoplasms
  A giant cockroach (D:1)
  5 goblins
  11 hobgoblins
  4 kobolds
  5 quokkas
  6 ball pythons
  6 bats
  6 frilled lizards
  5 rats
65 creatures vanquished.

Notes
Turn   | Place    | Note
-------+----------+-------------------------------------------
     0 | D:1      | Amplified the Demonspawn Reaver began the quest for the
                  | Orb.
     0 | D:1      | Reached XP level 1. HP: 16/16 MP: 3/3
   211 | D:1      | Gained mutation: You have large cloven feet. [demonic
                  | ancestry]
   211 | D:1      | Reached XP level 2. HP: 16/22 MP: 5/5
   327 | D:1      | Found a faded altar of an unknown god.
   776 | D:2      | Reached XP level 3. HP: 27/28 MP: 6/6
  1084 | D:2      | Reached skill level 1 in Shields
  1120 | D:2      | Learned a level 2 spell: Momentum Strike
  1721 | D:3      | Gained mutation: You possess an exceptional clarity of
                  | mind. [potion of mutation]
  1721 | D:3      | Gained mutation: Your mind is acute. (Int +4, Str/Dex -1)
                  | [potion of mutation]
  1721 | D:3      | Gained mutation: Your flesh is cold resistant. (rC+)
                  | [potion of mutation]
  1824 | D:3      | Reached XP level 4. HP: 25/34 MP: 7/7
  2197 | D:3      | Found a sacrificial altar of Ru.
  2365 | D:4      | Noticed a scorpion
  2780 | D:3      | Splashed by a jelly's acid

Illustrated notes

Levels and vault maps discovered:
D:1:      lightli_arrival_boilingwater, layout_rooms,
          shapermc_ecumenical_altar_petra
D:2:      layout_basic, roderic_roman_lattice
D:3:      minmay_angry_zag, layout_basic, nicolae_overflow_crystal_walls
D:4:      layout_loops_ring

Skill      XL: |  1  2  3  4 |
---------------+-------------+-----
Maces & Flails | 3 |  3.4
Shields        | 1 |  1.5
Fighting       | 3 |  3.1
Dodging        | |  1.7
Spellcasting   | |  2.5
Conjurations   | |  3.3

Action                     |  1- 3 |  4- 6 || total
---------------------------+-------+-------++-------
  Melee: Mace              |   163 |    44 ||   207
         Punch             |     1 |       ||     1
         Kick              |    28 |     9 ||    37
  Throw: Dart              |       |     2 ||     2
   Cast: Kiss of Death     |     1 |       ||     1
    Use: Potion            |     2 |       ||     2
         Scroll            |     1 |     8 ||     9
   Stab: Sleeping          |     1 |       ||     1
 Armour: Leather armour    |    41 |    17 ||    58
  Dodge: Dodged            |   109 |    17 ||   126
  Block: Buckler           |    17 |     6 ||    23
